Avalanche vs Jets

Created - Sunday, January 24, 2016 at 02:51

Goals
1 2 3 T
Avalanche 1 1 3 5
Jets 2 4 4 10
Shots
1 2 3 T
Avalanche 15 6 12 33
Jets 10 9 15 34

1st period

1. Avalanche , David Pastrnak 12 (Dan Hamhuis, David Rundblad) at 1:04
2. Jets , Max Pacioretty 38 (Josh Manson, Claude Giroux) at 10:32
3. Jets , Ryan Getzlaf 25 (Colin Wilson, Jonathan Quick) at 19:06

Penalties :
Victor Hedman (Wpg) for Charging (Double Minor) at 1:17, Oliver Ekman-Larsson (Wpg) for Hooking (Minor) at 6:31

2nd period

4. Jets , John Tavares 46 (Wayne Simmonds, Colin Wilson) at 6:45
5. Avalanche , Scott Hartnell 34 (Andrej Nestrasil, Brad Stuart) at 10:37
6. Jets , Colin Wilson 6 (Jake Muzzin, Josh Manson) at 15:05
7. Jets , Colin Wilson 7 (John Tavares, Wayne Simmonds) at 17:50
8. Jets , Victor Hedman 6 (Alex Ovechkin, Marc Staal) at 18:28

Penalties :
Scott Hartnell (Col) for Boarding (Minor) at 4:17, Filip Forsberg (Wpg) for Hooking (Minor) at 7:42, Blake Wheeler (Wpg) for Hooking (Minor) at 19:35

3rd period

9. Avalanche , Jason Zucker 31 (Ryan O'Reilly) at 0:04 (PP)
10. Jets , Max Pacioretty 39 (Claude Giroux, John Carlson) at 0:55
11. Jets , Ryan Getzlaf 26 (Blake Wheeler, John Carlson) at 1:15 (PP)
12. Avalanche , David Pastrnak 13 (Dan Hamhuis) at 2:53 (PP)
13. Avalanche , Jason Zucker 32 (Mark Scheifele) at 10:40 (PP)
14. Jets , Blake Wheeler 26 (Alex Ovechkin, Oliver Ekman-Larsson) at 14:16
15. Jets , Blake Wheeler 27 (Alex Ovechkin, Victor Hedman) at 16:55

Penalties :
Mark Scheifele (Col) for Hooking (Minor) at 1:04, Victor Hedman (Wpg) for High sticking (Minor) at 1:24, Jason Zucker (Col) for Kneeing (Minor) at 6:38, Jarret Stoll (Wpg) for Diving (Minor) at 10:06, Wayne Simmonds (Wpg) for Fighting (Major) at 17:20, Scott Hartnell (Col) for Fighting (Major) at 17:20, Blake Wheeler (Wpg) for Fighting (Major) at 17:34, Dan Hamhuis (Col) for Fighting (Major) at 17:34

Goalie Stats

Jack Campbell (Col), 2 saves from 6 shots - (0.333), L, 4-4-0, 6:10 minutes
Eddie Lack (Col), 22 saves from 28 shots - (0.786), 53:50 minutes
Jonathan Quick (Wpg), 28 saves from 33 shots - (0.848), W, 14-24-3, 60:00 minutes

Players Stats for Avalanche

Player Name              G  A  P  +/- PIM S  H  SB GA TA FO     MP     PP MP  PK MP  
------------------------------------------------------------------------------------
Andrej Nestrasil         0  1  1  -1  0   1  0  1  3  0  0/1     7:49   0:26   0:10 
Bobby Ryan               0  0  0  -2  0   6  0  0  0  0  0/1    21:31   4:52   1:26 
Brad Stuart              0  1  1  -3  0   1  4  2  0  1  0/0    21:37   0:00   3:26 
Colton Sceviour          0  0  0   0  0   0  1  2  0  0  0/0     7:08   0:00   0:03 
Dan Hamhuis              0  2  2  -2  5   2  2  2  0  3  0/0    21:18   4:29   3:26 
David Pastrnak           2  0  2  -1  0   5  0  2  3  1  0/1    18:51   4:29   0:00 
David Rundblad           0  1  1  -1  0   1  0  1  0  1  0/0    13:18   0:00   0:00 
Jason Zucker             2  0  2  -3  2   4  0  2  0  0  0/0    19:31   6:26   0:33 
Joffrey Lupul            0  0  0  -2  0   5  1  0  3  0  0/2    16:52   5:11   0:00 
Jonas Brodin             0  0  0  -2  0   0  0  3  0  0  0/0    17:41   0:00   0:43 
Mark Scheifele           0  1  1  -1  2   1  4  0  2  1  8/15   19:43   5:11   0:00 
Matt Dumba               0  0  0  -3  0   1  0  1  0  1  0/0    21:00   6:00   0:00 
Matt Moulson             0  0  0  -2  0   0  0  1  1  1  0/1    16:52   5:11   0:00 
Nate Prosser             0  0  0  -3  0   1  0  1  0  0  0/0    14:02   0:00   0:43 
Rickard Rakell           0  0  0  -3  0   0  1  0  1  1  4/11   16:30   0:26   1:19 
Ryan O'Reilly            0  1  1  -3  0   1  1  0  1  0  8/17   23:32   4:52   2:40 
Scott Hartnell           1  0  1  -3  7   4  1  0  0  1  1/3    18:31   4:52   2:07 
Zach Redmond             0  0  0   0  0   0  0  0  0  0  0/0     0:00   0:00   0:00 

Players Stats for Jets

Player Name              G  A  P  +/- PIM S  H  SB GA TA FO     MP     PP MP  PK MP  
------------------------------------------------------------------------------------
Alex Ovechkin            0  3  3   4  0   1  2  0  2  0  1/1    17:30   2:25   0:52 
Blake Wheeler            2  1  3   4  7   4  3  0  3  0  1/1    17:03   2:25   2:57 
Claude Giroux            0  2  2   1  0   3  5  0  4  0  6/12   15:30   1:44   0:12 
Colin Wilson             2  2  4   2  0   2  0  0  0  0  0/0    11:38   0:00   0:00 
Derek Roy                0  0  0   0  0   0  0  0  0  1  0/0     6:43   0:00   0:00 
Filip Forsberg           0  0  0   0  2   1  0  0  1  0  0/0     7:01   0:00   0:00 
Jake Muzzin              0  1  1   5  0   2  1  1  0  0  0/0    12:23   0:00   0:00 
Jarret Stoll             0  0  0   0  2   0  0  0  0  0  2/3    10:38   0:00   3:37 
John Carlson             0  2  2  -1  0   1  1  0  0  4  0/0    27:08   2:16   6:11 
John Tavares             1  1  2   2  0   6  1  0  3  0  6/8    12:44   0:00   0:00 
Josh Manson              0  2  2   5  0   0  1  1  0  0  0/0    15:58   0:00   2:30 
Jussi Jokinen            0  0  0   1  0   2  1  0  0  0  0/0    21:12   1:44   6:40 
Marc Staal               0  1  1   3  0   1  0  0  0  0  0/0    20:29   1:53   4:18 
Max Pacioretty           2  0  2   1  0   3  0  1  2  0  0/0    14:13   1:44   0:00 
Oliver Ekman-Larsson     0  1  1  -1  2   1  2  3  0  1  0/0    25:08   2:16   4:12 
Ryan Getzlaf             2  0  2   4  0   3  0  1  3  0  15/26  22:13   2:25   6:40 
Victor Hedman            1  1  2   3  6   1  2  0  0  2  0/0    20:15   1:53   3:47 
Wayne Simmonds           0  2  2   2  5   3  2  0  1  0  0/1    11:37   0:00   0:00 

3 Stars

1 - Colin Wilson (Wpg)
2 - Ryan Getzlaf (Wpg)
3 - Alex Ovechkin (Wpg)

Power Play

Avalanche - 3 on 7 Attempt(s) - 42.86%
Jets - 1 on 3 Attempt(s) - 33.33%

Penalty Kill

Avalanche - 2 on 3 Attempt(s) - 66.67% - Score 0 goal in Penalty Kill
Jets - 4 on 7 Attempt(s) - 57.14% - Score 0 goal in Penalty Kill

Team Stat

Avalanche - Hits : 15 - Faceoff Wins : 21 - Blocked Shots : 18 - Penalty Minutes : 16
Jets - Hits : 21 - Faceoff Wins : 31 - Blocked Shots : 7 - Penalty Minutes : 24

Official

Referees : Unknown
Linesman : Unknown

Game Notes

Jack Campbell enters game at 15:05 of 2nd period
18:28 of 2nd period - Jets goal is going for a video replay. After video review, Goal.
Eddie Lack enters game at 1:15 of 3rd period
Wayne Simmonds and Scott Hartnell fight to a draw at 17:20 of 3rd period
Blake Wheeler and Dan Hamhuis fight to a draw at 17:34 of 3rd period

Finance

Level 1 -- Attendance: 6000 (100.00%) -- Ticket Income $510,000
Level 2 -- Attendance: 3868 (77.36%) -- Ticket Income $212,740
Level 3 -- Attendance: 2000 (100.00%) -- Ticket Income $60,000
Level 4 -- Attendance: 2795 (69.88%) -- Ticket Income $55,900
Luxury Box -- Attendance: 1000 (100.00%) -- Ticket Income $160,000
Game was played at the MTS Center.
Total Attendance: 15663 (87.02%)
Total Ticket Income: $998,640
Other Income: $489,334
Total Income: $1,487,974

Avalanche

5 vs 5 Forward 
   Center                   Left Wing                Right Wing               Time % Phy DF OF 
 1 Ryan O'Reilly            Scott Hartnell           Jason Zucker             40     0   4  1  
 2 Mark Scheifele           David Pastrnak           Bobby Ryan               30     0   2  3  
 3 Rickard Rakell           Matt Moulson             Joffrey Lupul            20     0   4  1  
 4 Andrej Nestrasil         Colton Sceviour          Ryan O'Reilly            10     0   4  1  

5 vs 5 Defense 
   Defense                  Defense                                           Time % Phy DF OF 
 1 Brad Stuart              Jonas Brodin                                      35     0   5  0  
 2 Dan Hamhuis              David Rundblad                                    30     0   2  3  
 3 Matt Dumba               Nate Prosser                                      22     0   5  0  
 4 Brad Stuart              Jonas Brodin                                      13     1   4  0  

PowerPlay Forward 
   Center                   Left Wing                Right Wing               Time % Phy DF OF 
 1 Ryan O'Reilly            Scott Hartnell           Bobby Ryan               70     0   0  5  
 2 Mark Scheifele           Matt Moulson             Joffrey Lupul            30     0   0  5  

PowerPlay Defense
   Defense                  Defense                                           Time % Phy DF OF 
 1 Jason Zucker             Matt Dumba                                        70     0   0  5  
 2 David Pastrnak           Dan Hamhuis                                       30     0   0  5  

Penalty Kill 4 Players Forward 
   Center                   Wing                     Time % Phy DF OF 
 1 Ryan O'Reilly            Scott Hartnell           60     0   5  0  
 2 Colton Sceviour          Jason Zucker             40     0   5  0  

Penalty Kill 4 Players Defense
   Defense                  Defense                  Time % Phy DF OF 
 1 Brad Stuart              Dan Hamhuis              60     1   4  0  
 2 Jonas Brodin             Nate Prosser             40     1   4  0  

Penalty Kill - 3 Players Forward 
   Forward                                           Time % Phy DF OF 
 1 Ryan O'Reilly                                     60     1   4  0  
 2 Scott Hartnell                                    40     1   4  0  

Penalty Kill - 3 Players Defense
   Defense                  Defense                  Time % Phy DF OF 
 1 Brad Stuart              Dan Hamhuis              60     1   4  0  
 2 Jonas Brodin             Nate Prosser             40     1   4  0  

4 vs 4 Forward 
   Center                   Wing                     Time % Phy DF OF 
 1 Ryan O'Reilly            Scott Hartnell           60     0   0  5  
 2 Mark Scheifele           Bobby Ryan               40     0   0  5  

4 vs 4 Defense
   Defense                  Defense                  Time % Phy DF OF 
 1 Jason Zucker             Matt Dumba               60     0   0  5  
 2 David Pastrnak           Dan Hamhuis              40     0   0  5  

Last Minutes Offensive
   Center                   Left Wing                Right Wing               Defense                  Defense                  
   Ryan O'Reilly            Scott Hartnell           Bobby Ryan               Jason Zucker             Matt Dumba               

Last Minutes Defensive
   Center                   Left Wing                Right Wing               Defense                  Defense                  
   Ryan O'Reilly            Colton Sceviour          Mark Scheifele           Brad Stuart              Dan Hamhuis              

Goaltenders
Starting : Eddie Lack               
Backup : Jack Campbell            

Extra Forwards
Normal : Jason Zucker, Scott Hartnell, Ryan O'Reilly - PP : Jason Zucker, Scott Hartnell - PK : Jason Zucker
Extra Defensemen
Normal : Matt Dumba, David Rundblad, Dan Hamhuis - PP : Matt Dumba - PK : Jonas Brodin, Brad Stuart
Penalty Shots
Joffrey Lupul, Ryan O'Reilly, Rickard Rakell, Colton Sceviour, Bobby Ryan

Jets

5 vs 5 Forward 
   Center                   Left Wing                Right Wing               Time % Phy DF OF 
 1 Ryan Getzlaf             Alex Ovechkin            Blake Wheeler            35     1   2  2  
 2 Claude Giroux            Max Pacioretty           Jussi Jokinen            30     1   2  2  
 3 John Tavares             Wayne Simmonds           Colin Wilson             22     1   2  2  
 4 Jarret Stoll             Filip Forsberg           Derek Roy                13     1   2  2  

5 vs 5 Defense 
   Defense                  Defense                                           Time % Phy DF OF 
 1 John Carlson             Oliver Ekman-Larsson                              35     1   2  2  
 2 Victor Hedman            Marc Staal                                        30     1   2  2  
 3 Jake Muzzin              Josh Manson                                       22     1   2  2  
 4 John Carlson             Oliver Ekman-Larsson                              13     1   2  2  

PowerPlay Forward 
   Center                   Left Wing                Right Wing               Time % Phy DF OF 
 1 Ryan Getzlaf             Alex Ovechkin            Blake Wheeler            60     1   2  2  
 2 Claude Giroux            Max Pacioretty           Jussi Jokinen            40     1   2  2  

PowerPlay Defense
   Defense                  Defense                                           Time % Phy DF OF 
 1 John Carlson             Oliver Ekman-Larsson                              60     1   2  2  
 2 Victor Hedman            Marc Staal                                        40     1   2  2  

Penalty Kill 4 Players Forward 
   Center                   Wing                     Time % Phy DF OF 
 1 Ryan Getzlaf             Jussi Jokinen            60     1   2  2  
 2 Jarret Stoll             Blake Wheeler            40     1   2  2  

Penalty Kill 4 Players Defense
   Defense                  Defense                  Time % Phy DF OF 
 1 John Carlson             Oliver Ekman-Larsson     60     1   2  2  
 2 Victor Hedman            Marc Staal               40     1   2  2  

Penalty Kill - 3 Players Forward 
   Forward                                           Time % Phy DF OF 
 1 Jarret Stoll                                      60     1   2  2  
 2 Ryan Getzlaf                                      40     1   2  2  

Penalty Kill - 3 Players Defense
   Defense                  Defense                  Time % Phy DF OF 
 1 John Carlson             Oliver Ekman-Larsson     60     1   2  2  
 2 Victor Hedman            Marc Staal               40     1   2  2  

4 vs 4 Forward 
   Center                   Wing                     Time % Phy DF OF 
 1 Alex Ovechkin            Ryan Getzlaf             60     1   2  2  
 2 Claude Giroux            Blake Wheeler            40     1   2  2  

4 vs 4 Defense
   Defense                  Defense                  Time % Phy DF OF 
 1 John Carlson             Oliver Ekman-Larsson     60     1   2  2  
 2 Victor Hedman            Marc Staal               40     1   2  2  

Last Minutes Offensive
   Center                   Left Wing                Right Wing               Defense                  Defense                  
   Ryan Getzlaf             Alex Ovechkin            Blake Wheeler            John Carlson             Oliver Ekman-Larsson     

Last Minutes Defensive
   Center                   Left Wing                Right Wing               Defense                  Defense                  
   Ryan Getzlaf             Alex Ovechkin            Blake Wheeler            John Carlson             Oliver Ekman-Larsson     

Goaltenders
Starting : Jonathan Quick           
Backup : Jake Allen               

Extra Forwards
Normal : John Tavares, Wayne Simmonds, Jarret Stoll - PP : John Tavares, Wayne Simmonds - PK : Jarret Stoll
Extra Defensemen
Normal : Jake Muzzin, Josh Manson, Victor Hedman - PP : Jake Muzzin - PK : Josh Manson, Victor Hedman
Penalty Shots
Alex Ovechkin, Ryan Getzlaf, Claude Giroux, Blake Wheeler, John Tavares

% Time on Ice - Avalanche

Lines # - Real PCT - Wanted PCT - Time Play
Normal Forward
1 - 27% - 40% - 12:22
2 - 34% - 30% - 15:17
3 - 25% - 20% - 11:22
4 - 14% - 10% - 6:21
Normal Defense
1 - 35% - 35% - 15:51
2 - 30% - 30% - 13:26
3 - 29% - 22% - 13:19
4 - 6% - 13% - 2:46
PP Forward
1 - 51% - 70% - 5:18
2 - 49% - 30% - 5:11
PP Defense
1 - 57% - 70% - 6:00
2 - 43% - 30% - 4:29
PK Forward
1 - 99% - 60% - 4:06
2 - 1% - 40% - 0:03
PK Defense
1 - 83% - 60% - 3:26
2 - 17% - 40% - 0:43
PK3 Forward
1 - 0% - 60%
2 - 0% - 40%
PK3 Defense
1 - 0% - 60%
2 - 0% - 40%
44 Forward
1 - 0% - 60%
2 - 0% - 40%
44 Defense
1 - 0% - 60%
2 - 0% - 40%
Last Minute Offensive  - 0:00
Last Minute Defensive  - 0:00
Total
Forward - 60:00
Defense - 60:00

% Time on Ice - Jets

Lines # - Real PCT - Wanted PCT - Time Play
Normal Forward
1 - 32% - 35% - 14:32
2 - 28% - 30% - 12:29
3 - 26% - 22% - 11:38
4 - 15% - 13% - 6:43
Normal Defense
1 - 34% - 35% - 15:32
2 - 32% - 30% - 14:18
3 - 27% - 22% - 12:23
4 - 7% - 13% - 3:09
PP Forward
1 - 58% - 60% - 2:25
2 - 42% - 40% - 1:44
PP Defense
1 - 55% - 60% - 2:16
2 - 45% - 40% - 1:53
PK Forward
1 - 72% - 60% - 7:32
2 - 28% - 40% - 2:57
PK Defense
1 - 59% - 60% - 6:11
2 - 41% - 40% - 4:18
PK3 Forward
1 - 0% - 60%
2 - 0% - 40%
PK3 Defense
1 - 0% - 60%
2 - 0% - 40%
44 Forward
1 - 0% - 60%
2 - 0% - 40%
44 Defense
1 - 0% - 60%
2 - 0% - 40%
Last Minute Offensive  - 0:00
Last Minute Defensive  - 0:00
Total
Forward - 60:00
Defense - 60:00

Play by Play

1st period


0:01 of 1st period - Scott Hartnell wins face-off versus Ryan Getzlaf in neutral zone.
0:36 of 1st period - Brad Stuart is hit by Alex Ovechkin.
0:54 of 1st period - Wrist shot by David Pastrnak.
0:54 of 1st period - Shot Misses the Net.
0:56 of 1st period - Wrist shot by David Rundblad.
0:56 of 1st period - Shot Misses the Net.
0:58 of 1st period - Wrist shot by Dan Hamhuis.
0:58 of 1st period - Shot Blocked by Oliver Ekman-Larsson.
1:00 of 1st period - Slapshot by Dan Hamhuis.
1:00 of 1st period - Stopped by Jonathan Quick with a rebound.
1:02 of 1st period - Slapshot by Dan Hamhuis.
1:02 of 1st period - Shot Blocked by Max Pacioretty.
1:04 of 1st period - Wrist shot by David Pastrnak.
1:04 of 1st period - Goal by David Pastrnak - Avalanche : 1 - Jets : 0.
1:05 of 1st period - John Tavares wins face-off versus Rickard Rakell in neutral zone.
1:16 of 1st period - Snap shot by John Tavares.
1:16 of 1st period - Stopped by Eddie Lack with a rebound.
1:17 of 1st period - Double Minor Penalty to Victor Hedman for Charging.
1:18 of 1st period - Ryan Getzlaf wins face-off versus Bobby Ryan in Jets zone.
1:49 of 1st period - Wrist shot by Ryan O'Reilly.
1:49 of 1st period - Shot Misses the Net.
2:59 of 1st period - Wrist shot by Scott Hartnell.
2:59 of 1st period - Stopped by Jonathan Quick with a rebound.
3:01 of 1st period - Wrist shot by Ryan O'Reilly.
3:01 of 1st period - Stopped by Jonathan Quick with a rebound.
3:03 of 1st period - Wrist shot by Ryan O'Reilly.
3:03 of 1st period - Shot Misses the Net.
4:05 of 1st period - Oliver Ekman-Larsson is hit by Scott Hartnell.
4:27 of 1st period - Mark Scheifele is hit by John Carlson and loses puck.
4:40 of 1st period - Jarret Stoll is hit by Mark Scheifele and loses puck.
4:59 of 1st period - Snap shot by David Pastrnak.
4:59 of 1st period - Stopped by Jonathan Quick with a rebound.
5:01 of 1st period - Wrist shot by Jason Zucker.
5:01 of 1st period - Stopped by Jonathan Quick without a rebound.
5:02 of 1st period - Jarret Stoll wins face-off versus Rickard Rakell in Jets zone.
5:17 of 1st period - Penalty to Victor Hedman is over, Victor Hedman is back on ice.
5:23 of 1st period - Josh Manson is hit by Ryan O'Reilly and loses puck.
6:19 of 1st period - Wrist shot by Joffrey Lupul.
6:19 of 1st period - Stopped by Jonathan Quick with a rebound.
6:21 of 1st period - Wrist shot by Matt Dumba.
6:21 of 1st period - Stopped by Jonathan Quick without a rebound.
6:22 of 1st period - Rickard Rakell wins face-off versus Wayne Simmonds in Jets zone.
6:31 of 1st period - Minor Penalty to Oliver Ekman-Larsson for Hooking.
6:32 of 1st period - Ryan Getzlaf wins face-off versus Mark Scheifele in Jets zone.
6:43 of 1st period - Slapshot by Jason Zucker.
6:43 of 1st period - Deflect By Mark Scheifele.
6:43 of 1st period - Shot Misses the Net.
6:43 of 1st period - Puck is out of play.
6:44 of 1st period - Mark Scheifele wins face-off versus Ryan Getzlaf in Jets zone.
7:30 of 1st period - Snap shot by Joffrey Lupul.
7:30 of 1st period - Stopped by Jonathan Quick without a rebound.
7:31 of 1st period - Jarret Stoll wins face-off versus Mark Scheifele in Jets zone.
7:42 of 1st period - Snap shot by Blake Wheeler.
7:42 of 1st period - Shot Blocked by Dan Hamhuis.
7:52 of 1st period - Snap shot by Blake Wheeler.
7:52 of 1st period - Stopped by Eddie Lack with a rebound.
8:31 of 1st period - Penalty to Oliver Ekman-Larsson is over, Oliver Ekman-Larsson is back on ice.
9:02 of 1st period - Slapshot by Wayne Simmonds.
9:02 of 1st period - Shot Misses the Net.
9:14 of 1st period - Wrist shot by John Tavares.
9:14 of 1st period - Stopped by Eddie Lack with a rebound.
9:16 of 1st period - Backhand shot by Jake Muzzin.
9:16 of 1st period - Stopped by Eddie Lack with a rebound.
10:12 of 1st period - Off-side.
10:13 of 1st period - Claude Giroux wins face-off versus Rickard Rakell in neutral zone.
10:22 of 1st period - Wrist shot by Max Pacioretty.
10:22 of 1st period - Deflect By Claude Giroux.
10:22 of 1st period - Stopped by Eddie Lack with a rebound.
10:30 of 1st period - Snap shot by Max Pacioretty.
10:30 of 1st period - Shot Blocked by David Rundblad.
10:32 of 1st period - Wrist shot by Josh Manson.
10:32 of 1st period - Deflect By Max Pacioretty.
10:32 of 1st period - Goal by Max Pacioretty - Avalanche : 1 - Jets : 1.
10:33 of 1st period - Ryan Getzlaf wins face-off versus Scott Hartnell in neutral zone.
10:52 of 1st period - Wrist shot by Scott Hartnell.
10:52 of 1st period - Shot Blocked by Josh Manson.
11:02 of 1st period - David Pastrnak is hit by Alex Ovechkin and loses puck.
11:32 of 1st period - Snap shot by John Tavares.
11:32 of 1st period - Stopped by Eddie Lack with a rebound.
11:38 of 1st period - Wrist shot by John Tavares.
11:38 of 1st period - Shot Blocked by Dan Hamhuis.
11:51 of 1st period - Icing by Wayne Simmonds.
11:52 of 1st period - Rickard Rakell wins face-off versus John Tavares in Jets zone.
11:55 of 1st period - Snap shot by Joffrey Lupul.
11:55 of 1st period - Stopped by Jonathan Quick without a rebound.
11:56 of 1st period - Claude Giroux wins face-off versus Joffrey Lupul in Jets zone.
12:04 of 1st period - Icing by Matt Moulson.
12:05 of 1st period - Rickard Rakell wins face-off versus Claude Giroux in Avalanche zone.
12:42 of 1st period - Joffrey Lupul is hit by Claude Giroux.
13:07 of 1st period - Dan Hamhuis is hit by Blake Wheeler and loses puck.
13:34 of 1st period - Snap shot by Bobby Ryan.
13:34 of 1st period - Stopped by Jonathan Quick with a rebound.
13:36 of 1st period - Slapshot by Brad Stuart.
13:36 of 1st period - Stopped by Jonathan Quick without a rebound.
13:37 of 1st period - Mark Scheifele wins face-off versus Jarret Stoll in Jets zone.
14:10 of 1st period - Snap shot by Filip Forsberg.
14:10 of 1st period - Shot Misses the Net.
14:12 of 1st period - Slapshot by Oliver Ekman-Larsson.
14:12 of 1st period - Deflect By Filip Forsberg.
14:12 of 1st period - Shot Misses the Net.
14:12 of 1st period - Puck is out of play.
14:13 of 1st period - Claude Giroux wins face-off versus Ryan O'Reilly in Avalanche zone.
15:10 of 1st period - John Tavares is hit by Joffrey Lupul and loses puck.
15:37 of 1st period - Icing by Nate Prosser.
15:38 of 1st period - Ryan Getzlaf wins face-off versus Rickard Rakell in Avalanche zone.
16:24 of 1st period - Snap shot by Bobby Ryan.
16:24 of 1st period - Stopped by Jonathan Quick with a rebound.
16:26 of 1st period - Slapshot by Dan Hamhuis.
16:26 of 1st period - Stopped by Jonathan Quick with a rebound.
16:28 of 1st period - Slapshot by Dan Hamhuis.
16:28 of 1st period - Shot Misses the Net.
16:30 of 1st period - Slapshot by Dan Hamhuis.
16:30 of 1st period - Shot Misses the Net.
18:06 of 1st period - Snap shot by Andrej Nestrasil.
18:06 of 1st period - Stopped by Jonathan Quick with a rebound.
19:06 of 1st period - Snap shot by Ryan Getzlaf.
19:06 of 1st period - Goal by Ryan Getzlaf - Avalanche : 1 - Jets : 2.
19:07 of 1st period - Mark Scheifele wins face-off versus Claude Giroux in neutral zone.
19:16 of 1st period - Wrist shot by Bobby Ryan.
19:16 of 1st period - Shot Misses the Net.
19:24 of 1st period - Slapshot by Claude Giroux.
19:24 of 1st period - Stopped by Eddie Lack with a rebound.
19:34 of 1st period - Snap shot by Claude Giroux.
19:34 of 1st period - Shot Misses the Net.
19:36 of 1st period - Wrist shot by Jussi Jokinen.
19:36 of 1st period - Stopped by Eddie Lack with a rebound.
19:38 of 1st period - Slapshot by Josh Manson.
19:38 of 1st period - Shot Blocked by David Pastrnak.
19:50 of 1st period - Brad Stuart is hit by Claude Giroux and loses puck.
Goals for this period are 1 for Avalanche vs 2 for Jets.
Shots for this period are 15 for Avalanche vs 10 for Jets.

2nd period


0:01 of 2nd period - Ryan Getzlaf wins face-off versus Ryan O'Reilly in neutral zone.
0:04 of 2nd period - Scott Hartnell is hit by Blake Wheeler and loses puck.
0:17 of 2nd period - Snap shot by Jason Zucker.
0:17 of 2nd period - Shot Blocked by Oliver Ekman-Larsson.
0:35 of 2nd period - Oliver Ekman-Larsson is hit by Brad Stuart and loses puck.
0:57 of 2nd period - David Pastrnak is hit by Claude Giroux and loses puck.
1:20 of 2nd period - Wrist shot by Bobby Ryan.
1:20 of 2nd period - Stopped by Jonathan Quick without a rebound.
1:21 of 2nd period - Rickard Rakell wins face-off versus John Tavares in Jets zone.
2:19 of 2nd period - Andrej Nestrasil is hit by Jake Muzzin and loses puck.
2:26 of 2nd period - Slapshot by David Rundblad.
2:26 of 2nd period - Deflect By Filip Forsberg.
2:26 of 2nd period - Stopped by Jonathan Quick with a rebound.
2:32 of 2nd period - Snap shot by Ryan O'Reilly.
2:32 of 2nd period - Shot Blocked by Jake Muzzin.
3:13 of 2nd period - Snap shot by David Pastrnak.
3:13 of 2nd period - Shot Misses the Net.
4:11 of 2nd period - Snap shot by Claude Giroux.
4:11 of 2nd period - Deflect By Max Pacioretty.
4:11 of 2nd period - Stopped by Eddie Lack with a rebound.
4:17 of 2nd period - Minor Penalty to Scott Hartnell for Boarding.
4:18 of 2nd period - Ryan O'Reilly wins face-off versus Ryan Getzlaf in Avalanche zone.
4:57 of 2nd period - Victor Hedman is hit by Brad Stuart and loses puck.
5:06 of 2nd period - Oliver Ekman-Larsson is hit by Rickard Rakell and loses puck.
6:17 of 2nd period - Penalty to Scott Hartnell is over, Scott Hartnell is back on ice.
6:45 of 2nd period - Slapshot by Wayne Simmonds.
6:45 of 2nd period - Deflect By John Tavares.
6:45 of 2nd period - Goal by John Tavares - Avalanche : 1 - Jets : 3.
6:46 of 2nd period - John Tavares wins face-off versus Joffrey Lupul in neutral zone.
7:19 of 2nd period - Matt Dumba is hit by John Tavares and loses puck.
7:42 of 2nd period - Minor Penalty to Filip Forsberg for Hooking.
7:43 of 2nd period - Mark Scheifele wins face-off versus Ryan Getzlaf in Jets zone.
9:28 of 2nd period - Snap shot by Scott Hartnell.
9:28 of 2nd period - Stopped by Jonathan Quick with a rebound.
9:38 of 2nd period - Slapshot by Oliver Ekman-Larsson.
9:38 of 2nd period - Shot Blocked by Jason Zucker.
9:42 of 2nd period - Penalty to Filip Forsberg is over, Filip Forsberg is back on ice.
10:19 of 2nd period - Snap shot by Ryan O'Reilly.
10:19 of 2nd period - Shot Misses the Net.
10:37 of 2nd period - Snap shot by Scott Hartnell.
10:37 of 2nd period - Goal by Scott Hartnell - Avalanche : 2 - Jets : 3.
10:38 of 2nd period - Ryan O'Reilly wins face-off versus Claude Giroux in neutral zone.
11:21 of 2nd period - Wayne Simmonds is hit by Dan Hamhuis.
11:27 of 2nd period - David Rundblad is hit by Oliver Ekman-Larsson and loses puck.
11:34 of 2nd period - John Carlson is hit by Mark Scheifele and loses puck.
12:09 of 2nd period - Wrist shot by Derek Roy.
12:09 of 2nd period - Shot Misses the Net.
12:11 of 2nd period - Slapshot by Marc Staal.
12:11 of 2nd period - Shot Blocked by Jonas Brodin.
12:13 of 2nd period - Snap shot by Victor Hedman.
12:13 of 2nd period - Deflect By Filip Forsberg.
12:13 of 2nd period - Stopped by Eddie Lack without a rebound.
12:14 of 2nd period - Ryan Getzlaf wins face-off versus Mark Scheifele in Avalanche zone.
12:34 of 2nd period - Icing by Mark Scheifele.
12:35 of 2nd period - Mark Scheifele wins face-off versus Claude Giroux in Avalanche zone.
12:35 of 2nd period - Mark Scheifele is hit by Claude Giroux.
12:49 of 2nd period - Claude Giroux is hit by Colton Sceviour.
13:05 of 2nd period - Nate Prosser is hit by Claude Giroux and loses puck.
13:46 of 2nd period - Ryan Getzlaf is hit by Dan Hamhuis and loses puck.
14:21 of 2nd period - Wrist shot by Bobby Ryan.
14:21 of 2nd period - Stopped by Jonathan Quick with a rebound.
14:47 of 2nd period - Slapshot by Wayne Simmonds.
14:47 of 2nd period - Shot Blocked by Jason Zucker.
14:53 of 2nd period - Slapshot by John Tavares.
14:53 of 2nd period - Stopped by Eddie Lack with a rebound.
14:55 of 2nd period - Slapshot by Wayne Simmonds.
14:55 of 2nd period - Shot Blocked by Jonas Brodin.
14:57 of 2nd period - Slapshot by Wayne Simmonds.
14:57 of 2nd period - Stopped by Eddie Lack with a rebound.
14:59 of 2nd period - Slapshot by Josh Manson.
14:59 of 2nd period - Shot Blocked by Brad Stuart.
15:01 of 2nd period - Slapshot by Jake Muzzin.
15:01 of 2nd period - Shot Blocked by Jonas Brodin.
15:03 of 2nd period - Slapshot by Jake Muzzin.
15:03 of 2nd period - Shot Misses the Net.
15:05 of 2nd period - Wrist shot by Colin Wilson.
15:05 of 2nd period - Goal by Colin Wilson - Avalanche : 2 - Jets : 4.
15:05 of 2nd period - Jack Campbell enters game.
15:06 of 2nd period - Mark Scheifele wins face-off versus Claude Giroux in neutral zone.
17:21 of 2nd period - Ryan O'Reilly is hit by Josh Manson and loses puck.
17:36 of 2nd period - Wrist shot by Wayne Simmonds.
17:36 of 2nd period - Stopped by Jack Campbell with a rebound.
17:38 of 2nd period - Slapshot by Josh Manson.
17:38 of 2nd period - Shot Blocked by Colton Sceviour.
17:46 of 2nd period - Snap shot by John Tavares.
17:46 of 2nd period - Shot Blocked by Andrej Nestrasil.
17:48 of 2nd period - Snap shot by Colin Wilson.
17:48 of 2nd period - Shot Blocked by Nate Prosser.
17:50 of 2nd period - Wrist shot by Colin Wilson.
17:50 of 2nd period - Goal by Colin Wilson - Avalanche : 2 - Jets : 5.
17:51 of 2nd period - Ryan Getzlaf wins face-off versus Matt Moulson in neutral zone.
18:26 of 2nd period - Slapshot by Alex Ovechkin.
18:26 of 2nd period - Shot Blocked by Brad Stuart.
18:28 of 2nd period - Slapshot by Victor Hedman.
18:28 of 2nd period - Jets goal is going for a video replay.
18:28 of 2nd period - The goal is good.
18:28 of 2nd period - Goal by Victor Hedman - Avalanche : 2 - Jets : 6.
18:29 of 2nd period - Claude Giroux wins face-off versus David Pastrnak in neutral zone.
18:45 of 2nd period - Snap shot by David Pastrnak.
18:45 of 2nd period - Stopped by Jonathan Quick with a rebound.
18:47 of 2nd period - Slapshot by Dan Hamhuis.
18:47 of 2nd period - Shot Misses the Net.
19:01 of 2nd period - Max Pacioretty is hit by Mark Scheifele and loses puck.
19:35 of 2nd period - Minor Penalty to Blake Wheeler for Hooking.
19:36 of 2nd period - Ryan Getzlaf wins face-off versus Ryan O'Reilly in Jets zone.
Goals for this period are 1 for Avalanche vs 4 for Jets.
Shots for this period are 6 for Avalanche vs 9 for Jets.

3rd period


0:01 of 3rd period - Ryan O'Reilly wins face-off versus Ryan Getzlaf in neutral zone.
0:04 of 3rd period - Slapshot by Jason Zucker.
0:04 of 3rd period - Goal by Jason Zucker - Avalanche : 3 - Jets : 6.
0:05 of 3rd period - Blake Wheeler wins face-off versus Scott Hartnell in neutral zone.
0:27 of 3rd period - Slapshot by Alex Ovechkin.
0:27 of 3rd period - Shot Misses the Net.
0:29 of 3rd period - Snap shot by Blake Wheeler.
0:29 of 3rd period - Shot Misses the Net.
0:55 of 3rd period - Snap shot by Max Pacioretty.
0:55 of 3rd period - Goal by Max Pacioretty - Avalanche : 3 - Jets : 7.
0:56 of 3rd period - Claude Giroux wins face-off versus Mark Scheifele in neutral zone.
1:01 of 3rd period - Wrist shot by Claude Giroux.
1:01 of 3rd period - Stopped by Jack Campbell without a rebound.
1:02 of 3rd period - Mark Scheifele wins face-off versus Claude Giroux in Avalanche zone.
1:04 of 3rd period - Minor Penalty to Mark Scheifele for Hooking.
1:05 of 3rd period - Ryan O'Reilly wins face-off versus Ryan Getzlaf in Avalanche zone.
1:15 of 3rd period - Snap shot by Ryan Getzlaf.
1:15 of 3rd period - Goal by Ryan Getzlaf - Avalanche : 3 - Jets : 8.
1:15 of 3rd period - Eddie Lack enters game.
1:16 of 3rd period - Ryan O'Reilly wins face-off versus Ryan Getzlaf in neutral zone.
1:21 of 3rd period - Wrist shot by Scott Hartnell.
1:21 of 3rd period - Stopped by Jonathan Quick without a rebound.
1:22 of 3rd period - Ryan Getzlaf wins face-off versus Ryan O'Reilly in Jets zone.
1:24 of 3rd period - Minor Penalty to Victor Hedman for High sticking.
1:25 of 3rd period - Ryan Getzlaf wins face-off versus Ryan O'Reilly in Jets zone.
1:35 of 3rd period - Wrist shot by Scott Hartnell.
1:35 of 3rd period - Shot Blocked by Oliver Ekman-Larsson.
1:55 of 3rd period - Snap shot by Scott Hartnell.
1:55 of 3rd period - Shot Hit the Post.
2:19 of 3rd period - Joffrey Lupul is hit by Jussi Jokinen and loses puck.
2:43 of 3rd period - Wrist shot by Joffrey Lupul.
2:43 of 3rd period - Shot Misses the Net.
2:53 of 3rd period - Slapshot by David Pastrnak.
2:53 of 3rd period - Goal by David Pastrnak - Avalanche : 4 - Jets : 8.
2:54 of 3rd period - John Tavares wins face-off versus Andrej Nestrasil in neutral zone.
3:21 of 3rd period - Snap shot by John Tavares.
3:21 of 3rd period - Shot Misses the Net.
3:23 of 3rd period - Slapshot by Victor Hedman.
3:23 of 3rd period - Shot Blocked by Colton Sceviour.
3:57 of 3rd period - Jake Muzzin is hit by Brad Stuart.
4:12 of 3rd period - Snap shot by David Pastrnak.
4:12 of 3rd period - Stopped by Jonathan Quick with a rebound.
4:40 of 3rd period - Slapshot by Joffrey Lupul.
4:40 of 3rd period - Stopped by Jonathan Quick with a rebound.
4:42 of 3rd period - Slapshot by Rickard Rakell.
4:42 of 3rd period - Deflect By Joffrey Lupul.
4:42 of 3rd period - Shot Misses the Net.
4:42 of 3rd period - Puck is out of play.
4:43 of 3rd period - Ryan Getzlaf wins face-off versus Ryan O'Reilly in Jets zone.
4:52 of 3rd period - Snap shot by Blake Wheeler.
4:52 of 3rd period - Shot Misses the Net.
5:11 of 3rd period - Wrist shot by Nate Prosser.
5:11 of 3rd period - Stopped by Jonathan Quick with a rebound.
5:45 of 3rd period - Wrist shot by Claude Giroux.
5:45 of 3rd period - Shot Misses the Net.
5:47 of 3rd period - Backhand shot by Victor Hedman.
5:47 of 3rd period - Shot Blocked by Matt Moulson.
6:15 of 3rd period - Wrist shot by Bobby Ryan.
6:15 of 3rd period - Stopped by Jonathan Quick with a rebound.
6:25 of 3rd period - Snap shot by John Tavares.
6:25 of 3rd period - Shot Blocked by David Pastrnak.
6:27 of 3rd period - Wrist shot by Jake Muzzin.
6:27 of 3rd period - Shot Misses the Net.
6:29 of 3rd period - Slapshot by Jake Muzzin.
6:29 of 3rd period - Stopped by Eddie Lack without a rebound.
6:30 of 3rd period - Ryan Getzlaf wins face-off versus Ryan O'Reilly in Avalanche zone.
6:38 of 3rd period - Minor Penalty to Jason Zucker for Kneeing.
6:39 of 3rd period - Ryan O'Reilly wins face-off versus Ryan Getzlaf in Avalanche zone.
6:49 of 3rd period - Slapshot by Oliver Ekman-Larsson.
6:49 of 3rd period - Stopped by Eddie Lack without a rebound.
6:50 of 3rd period - Ryan O'Reilly wins face-off versus Ryan Getzlaf in Avalanche zone.
8:19 of 3rd period - Snap shot by Blake Wheeler.
8:19 of 3rd period - Stopped by Eddie Lack with a rebound.
8:21 of 3rd period - Slapshot by Marc Staal.
8:21 of 3rd period - Deflect By Brad Stuart.
8:21 of 3rd period - Stopped by Eddie Lack with a rebound.
8:23 of 3rd period - Slapshot by Blake Wheeler.
8:23 of 3rd period - Shot Misses the Net.
8:38 of 3rd period - Penalty to Jason Zucker is over, Jason Zucker is back on ice.
8:41 of 3rd period - Dan Hamhuis is hit by Victor Hedman and loses puck.
9:09 of 3rd period - Brad Stuart is hit by Wayne Simmonds and loses puck.
9:42 of 3rd period - Matt Dumba is hit by Wayne Simmonds.
10:00 of 3rd period - Snap shot by Bobby Ryan.
10:00 of 3rd period - Stopped by Jonathan Quick with a rebound.
10:06 of 3rd period - Minor Penalty to Jarret Stoll for Diving.
10:07 of 3rd period - Ryan Getzlaf wins face-off versus Mark Scheifele in Jets zone.
10:18 of 3rd period - Snap shot by Mark Scheifele.
10:18 of 3rd period - Stopped by Jonathan Quick with a rebound.
10:20 of 3rd period - Snap shot by Joffrey Lupul.
10:20 of 3rd period - Shot Misses the Net.
10:22 of 3rd period - Snap shot by Joffrey Lupul.
10:22 of 3rd period - Stopped by Jonathan Quick without a rebound.
10:23 of 3rd period - Mark Scheifele wins face-off versus Ryan Getzlaf in Jets zone.
10:40 of 3rd period - Slapshot by Jason Zucker.
10:40 of 3rd period - Goal by Jason Zucker - Avalanche : 5 - Jets : 8.
10:41 of 3rd period - Alex Ovechkin wins face-off versus Rickard Rakell in neutral zone.
11:54 of 3rd period - Slapshot by John Tavares.
11:54 of 3rd period - Shot Misses the Net.
12:32 of 3rd period - Ryan O'Reilly is hit by Victor Hedman.
12:50 of 3rd period - Victor Hedman is hit by Brad Stuart and loses puck.
14:12 of 3rd period - Slapshot by Blake Wheeler.
14:12 of 3rd period - Shot Misses the Net.
14:14 of 3rd period - Snap shot by Alex Ovechkin.
14:14 of 3rd period - Shot Misses the Net.
14:16 of 3rd period - Wrist shot by Blake Wheeler.
14:16 of 3rd period - Goal by Blake Wheeler - Avalanche : 5 - Jets : 9.
14:17 of 3rd period - Ryan Getzlaf wins face-off versus Rickard Rakell in neutral zone.
14:20 of 3rd period - Joffrey Lupul is hit by Blake Wheeler and loses puck.
14:56 of 3rd period - Off-side.
14:57 of 3rd period - John Tavares wins face-off versus Mark Scheifele in neutral zone.
15:04 of 3rd period - Snap shot by Wayne Simmonds.
15:04 of 3rd period - Shot Misses the Net.
15:06 of 3rd period - Snap shot by Wayne Simmonds.
15:06 of 3rd period - Stopped by Eddie Lack with a rebound.
15:08 of 3rd period - Slapshot by John Carlson.
15:08 of 3rd period - Shot Blocked by Matt Dumba.
15:10 of 3rd period - Slapshot by John Carlson.
15:10 of 3rd period - Stopped by Eddie Lack without a rebound.
15:11 of 3rd period - John Tavares wins face-off versus Mark Scheifele in Avalanche zone.
15:58 of 3rd period - Snap shot by Claude Giroux.
15:58 of 3rd period - Shot Misses the Net.
16:00 of 3rd period - Slapshot by Jussi Jokinen.
16:00 of 3rd period - Stopped by Eddie Lack with a rebound.
16:02 of 3rd period - Slapshot by Marc Staal.
16:02 of 3rd period - Shot Misses the Net.
16:53 of 3rd period - Snap shot by Alex Ovechkin.
16:53 of 3rd period - Stopped by Eddie Lack with a rebound.
16:55 of 3rd period - Snap shot by Blake Wheeler.
16:55 of 3rd period - Goal by Blake Wheeler - Avalanche : 5 - Jets : 10.
16:56 of 3rd period - John Tavares wins face-off versus Ryan O'Reilly in neutral zone.
17:20 of 3rd period - Wayne Simmonds and Scott Hartnell fight to a draw.
17:20 of 3rd period - Penalty to Wayne Simmonds for Fighting.
17:20 of 3rd period - Penalty to Scott Hartnell for Fighting.
17:21 of 3rd period - Ryan Getzlaf wins face-off versus Rickard Rakell in Jets zone.
17:28 of 3rd period - Ryan O'Reilly is hit by Oliver Ekman-Larsson and loses puck.
17:34 of 3rd period - Blake Wheeler and Dan Hamhuis fight to a draw.
17:34 of 3rd period - Penalty to Blake Wheeler for Fighting.
17:34 of 3rd period - Penalty to Dan Hamhuis for Fighting.
17:35 of 3rd period - Ryan O'Reilly wins face-off versus Ryan Getzlaf in neutral zone.
17:56 of 3rd period - Wrist shot by John Tavares.
17:56 of 3rd period - Stopped by Eddie Lack with a rebound.
17:58 of 3rd period - Wrist shot by Ryan Getzlaf.
17:58 of 3rd period - Stopped by Eddie Lack without a rebound.
17:59 of 3rd period - Claude Giroux wins face-off versus Ryan O'Reilly in Avalanche zone.
18:18 of 3rd period - Snap shot by Jason Zucker.
18:18 of 3rd period - Stopped by Jonathan Quick with a rebound.
19:00 of 3rd period - Oliver Ekman-Larsson is hit by Mark Scheifele and loses puck.
19:20 of 3rd period - Slapshot by Rickard Rakell.
19:20 of 3rd period - Shot Blocked by Ryan Getzlaf.
Goals for this period are 3 for Avalanche vs 4 for Jets.
Shots for this period are 12 for Avalanche vs 15 for Jets.